 Dungeon Crawl Stone Soup version 0.31.0-11-ge490571c62 (webtiles) character file.

Game seed: 12460305026763823302

30 Gadfly the Trooper (level 3, -1/29 HPs)
             Began as a Demonspawn Monk on Jan 31, 2024.
             Killed from afar by an orc wizard (9 damage)
             ... with a puff of flame
             ... on level 2 of the Dungeon.
             The game lasted 00:01:10 (777 turns).

Gadfly the Trooper (Demonspawn Monk)                 Turns: 777, Time: 00:01:11

Health: -1/29      AC:  4    Str: 13    XL:     3   Next: 3%
Magic:  3/3        EV: 13    Int: 10    God:
Gold:   86         SH:  0    Dex: 15    Spells: 2/2 levels left

rFire   . .          .
                       - Unarmed
rCold   . . .        c - orb {light}
rNeg    . . .        a - +0 robe
rPois   .            (helmet restricted)
rElec   .            (no cloak)
rCorr   .            (no gloves)
SInv    .            (no boots)
Will    .....        (no amulet)
Stlth   +            (no ring)
HPRegen 0.24/turn    (no ring)
MPRegen 0.08/turn

%: no passive effects
@: hasted, glowing, very quick
A: horns 1, slimy green scales 1
a: no special abilities


You were on level 2 of the Dungeon.
You visited 1 branch of the dungeon, and saw 2 of its levels.

You collected 86 gold pieces.

Inventory:

Armour
 a - a +0 robe (worn)
 c - an orb of light (worn)
Scrolls
 d - 3 scrolls of teleportation
 g - 3 scrolls of blinking {unknown}


   Skills:
 - Level 3.0 Fighting
 + Level 2.9 Dodging
 * Level 3.0 Unarmed Combat
 * Level 1.1 Evocations
 * Level 1.0 Shapeshifting


You had 2 spell levels left.
You didn't know any spells.
Your spell library contained the following spells:

 Spells                   Type           Power      Damage    Failure   Level
 Ensorcelled Hibernation  Hex/Ice        0%         N/A       50%         2
 Fugue of the Fallen      Necr           0%         N/A       75%         3
 Anguish                  Hex/Necr       0%         N/A       98%         4


Dungeon Overview and Level Annotations

Branches:
Dungeon (2/15)

Altars:


Innate Abilities, Weirdness & Mutations

You have a pair of small horns on your head.
You are partially covered in slimy green scales. (AC +2)


Message History

You hit the hobgoblin.
The hobgoblin is severely wounded.
The hobgoblin closely misses you.
You bump into the rock wall.
You feel less invigorated.
You feel less confused. The hobgoblin hits you.
You hit the hobgoblin.
You kill the hobgoblin!
You hit the orc wizard but do no damage.
You headbutt the orc wizard, but do no damage.
The orc wizard hits you with a +0 dagger.
You completely miss the orc wizard.
The orc wizard hits you with a +0 dagger.
You hit the orc wizard but do no damage.
The orc wizard gestures at you while chanting.
The puff of flame hits you!
You hit the orc wizard but do no damage.
The orc wizard hits you but does no damage.
You barely miss the orc wizard. Your headbutt misses the orc wizard.
The orc priest looks encouraged for a moment.
The orc wizard attacks as it pursues you!
The orc wizard hits you with a +0 dagger.
The orc priest calls down the wrath of Beogh upon you.
Beogh smites you!
Ouch! That really hurt!
* * * LOW HITPOINT WARNING * * *
The orc wizard casts a spell at you. You resist with significant effort.
The orc wizard attacks as it pursues you!
The orc wizard hits you with a +0 dagger.
* * * LOW HITPOINT WARNING * * *
It was a potion of cancellation.
You feel magically purged.
It was a potion of haste.
You feel yourself speed up.
The orc wizard points at you and mumbles some strange words.
You resist with significant effort. The orc wizard casts a spell at you.
You resist with significant effort.
The orc wizard points at you and mumbles some strange words.
The puff of flame hits you!
You die...

+# ######### .# #.......#
.## ###.####.## ..#
#...#..#.# r.# #.#<...#.#
..# #.####.#.# ..##
#......#.#
...#####################.#
#.>r..o.Ko......@........#
##########################


You could see an orc wizard.

Vanquished Creatures
  A dart slug (D:1)
  2 orcs (D:2)
  A ball python (D:1)
  2 bats (D:1)
  2 endoplasms (D:1)
  A giant cockroach (D:2)
  3 goblins (D:1)
  2 hobgoblins
  3 jackals (D:1)
  2 frilled lizards (D:1)
  2 kobolds (D:1)
  A rat (D:1)
22 creatures vanquished.

Notes
Turn   | Place    | Note
-------+----------+-------------------------------------------
     0 | D:1      | Gadfly the Demonspawn Monk began the quest for the Orb.
     0 | D:1      | Reached XP level 1. HP: 18/18 MP: 1/1
   108 | D:1      | Gained mutation: You have a pair of small horns on your
                  | head. [demonic ancestry]
   108 | D:1      | Reached XP level 2. HP: 23/24 MP: 2/2
   459 | D:1      | Reached skill level 1 in Evocations
   742 | D:2      | Reached skill level 1 in Shapeshifting
   743 | D:2      | Gained mutation: You are partially covered in slimy green
                  | scales. (AC +2) [demonic ancestry]
   743 | D:2      | Reached XP level 3. HP: 29/29 MP: 3/3
   777 | D:2      | Killed from afar by an orc wizard

Illustrated notes

Levels and vault maps discovered:
D:1:      ldierk_walled_garden, layout_basic, minmay_misc_feat_square,
          chequers_serial_rivers_micro_a
D:2:      layout_basic, basic_altar, dreamdust_ecumenical_altar_statues,
          serial_shops, shop, roderic_lattice_a

Skill      XL: |  1  2 |
---------------+-------+-----
Unarmed Combat | 3 |  3.0
Evocations     | 1 |  1.1
Shapeshifting  | 1 |  1.0
Fighting       | |  3.0
Dodging        | |  2.9

Action                     || total
---------------------------++-------
  Melee: Unarmed           ||    62
         Headbutt          ||    13
    Use: Potion            ||     3
         Scroll            ||     1
 Armour: Robe              ||    30
  Dodge: Dodged            ||    37
